Map: Crista de Lerilak

Players

StimPacker

  • Race: Terran Terran
  • League: Grandmaster

TheZergLord - Winner!

  • Race: Zerg Zerg
  • League: Master

VOD

Have the link to the VOD?

Description

Time

  • Played on: Feb. 20, 2016, 7:11 a.m.
  • Length: 14:12
Show
View Real Time Build Order
Export as new Build Order

StimPacker Terran 

Build Orders: Reaper Expand, Bio Mine, Hellion Banshee 

Get SALT Encoding   

  12  0:01  SCV  
  13  0:13  SCV  
  14  0:18  Supply Depot  
  14  0:25  SCV  
  15  0:39  SCV  
  15  0:41  Barracks  
  16  0:46  Refinery  
  16  0:52  SCV  
  17  1:04  SCV  
  18  1:16  SCV  
  19  1:31  Orbital Command, Reaper  
  20  1:43  Command Center  
  20  1:54  Supply Depot  
  20  1:57  SCV  
  21  2:02  Marine  
  22  2:09  Factory  
  22  2:11  SCV  
  23  2:16  Refinery  
  23  2:23  SCV  
  23  2:28  Barracks Reactor  
  24  2:35  SCV  
  25  2:47  SCV  
  26  2:57  Starport  
  26  3:00  SCV  
  26  3:04  Orbital Command  
  27  3:12  SCV  
  32  3:13  Hellion x2  
  32  3:15  Barracks Tech Lab  
  32  3:24  SCV  
  33  3:30  SCV  
  33  3:33  Supply Depot  
  38  3:34  Hellion x2  
  38  3:36  SCV  
  39  3:42  SCV  
  39  3:45  Banshee, Cloaking Field  
  39  3:46  Barracks Tech Lab  
  43  3:53  SCV  
  46  3:55  Hellion  
  46  3:57  Hellion  
  46  4:00  SCV  
  49  4:03  Supply Depot  
  49  4:05  SCV  
  49  4:08  Stimpack  
  50  4:12  SCV  
  51  4:24  Command Center  
  51  4:25  SCV  
  51  4:27  SCV  
  51  4:30  Banshee  
  56  4:36  Supply Depot  
  56  4:37  SCV  
  57  4:40  Marine, SCV  
  59  4:49  SCV  
  60  4:54  Barracks  
  60  4:55  SCV  
  60  4:58  Factory Reactor, Marine  
  62  5:00  Barracks  
  62  5:01  SCV  
  63  5:18  SCV  
  63  5:19  Marine, SCV  
  66  5:25  Engineering Bay x2  
  66  5:26  Refinery  
  66  5:27  Refinery  
  66  5:30  SCV  
  66  5:31  SCV  
  66  5:33  Supply Depot  
  68  5:37  Marine  
  68  5:38  Orbital Command, Starport Reactor  
  69  5:45  SCV  
  67  5:57  SCV  
  67  5:59  Orbital Command  
  67  6:00  Marine  
  67  6:03  Factory Reactor  
  67  6:05  SCV  
  68  6:11  Marine x4  
  68  6:12  Combat Shields  
  68  6:18  Marine  
  73  6:21  Medivac x2  
  73  6:22  Terran Infantry Armor Level 1, Terran Infantry Weapons Level 1  
  73  6:23  SCV  
  73  6:25  Barracks  
  78  6:26  SCV, Barracks  
  78  6:29  Marine  
  78  6:30  Marine x2  
  78  6:31  Marine  
  83  6:33  Missile Turret  
  83  6:34  Missile Turret  
  83  6:35  Marine, SCV  
  83  6:38  Supply Depot  
  85  6:44  Widow Mine x2  
  85  6:47  Marine  
  89  6:48  Supply Depot  
  89  6:54  Marine x2, SCV  
  91  7:00  Marine x2, SCV  
  96  7:03  Armory  
  96  7:04  Supply Depot x2, Marine  
  96  7:05  SCV  
  98  7:10  SCV  
  98  7:12  Marine x2  
  98  7:14  Barracks Reactor x2  
  101  7:18  Marine x2  
  101  7:19  Widow Mine x2  
  101  7:22  Marine  
  107  7:24  SCV  
  107  7:25  SCV x2  
  107  7:27  Supply Depot  
  111  7:30  Marine  
  108  7:37  Marine x3  
  108  7:38  Medivac x2  
  108  7:39  SCV  
  108  7:40  Marine  
  111  7:48  Marine  
  111  7:50  SCV  
  111  7:51  SCV x2  
  104  7:53  Widow Mine x2  
  104  7:54  Refinery, Marine x4  
  104  7:55  Marine x3  
  104  7:58  Marine  
  116  7:59  Barracks  
  116  8:01  Barracks  
  117  8:06  Marine  
  117  8:07  SCV x3  
  117  8:08  Medivac x2  
  117  8:12  Marine  
  126  8:13  Marine  
  126  8:14  Marine x5  
  132  8:20  Supply Depot  
  132  8:22  Supply Depot  
  132  8:27  Supply Depot  
  131  8:39  Marine  
  114  8:43  Marine  
  114  8:48  Marine x5  
  108  8:49  Marine x2  
  108  8:53  Widow Mine  
  108  8:54  Widow Mine  
  114  8:57  Marine  
  114  9:01  Factory, Marine  
  114  9:02  Barracks  
  116  9:03  Barracks  
  116  9:06  Marine x5  
  121  9:14  Marine  
  117  9:17  Marine  
  117  9:18  Marine  
  117  9:19  Marine  
  117  9:21  Terran Infantry Weapons Level 2, Terran Infantry Armor Level 2  
  117  9:23  Terran Vehicle Weapons Level 1  
  120  9:25  Medivac x2  
  120  9:27  Marine x4  
  128  9:35  Marine x4  
  128  9:36  Marine  
  133  9:44  Marine x2  
  135  9:47  Marine x2  
  135  9:49  Widow Mine x2, Factory Tech Lab  
  135  9:50  Command Center  
  135  9:52  Marine  
  141  9:53  Marine  
  141  9:56  Marine x2  
  141  9:57  Marine  
  148  10:00  Medivac  
  148  10:01  Medivac  
  148  10:05  Barracks Reactor  
  150  10:07  Barracks Tech Lab  
  150  10:09  Supply Depot  
  150  10:11  Supply Depot, Widow Mine  
  150  10:12  Drilling Claws  
  152  10:22  Marine x3  
  153  10:29  Marine x4  
  153  10:30  Marauder, Marine x2  
  161  10:37  Medivac x2  
  161  10:40  Marine x3  
  161  10:42  Marine x2  
  170  10:47  Marine x4  
  170  10:48  Marine  
  173  10:51  Marine  
  173  10:53  Marauder  
  173  10:54  Refinery  
  173  10:56  Starport  
  168  10:58  Marine x3  
  168  10:59  Starport  
  168  11:00  Marine x2  
  163  11:05  Marine x5  
  163  11:07  Medivac  
  163  11:10  Marauder  
  166  11:14  Marine  
  166  11:15  Liberator, Marine  
  166  11:16  Marine x2  
  166  11:17  Marine  
  166  11:18  Marine  
  171  11:20  Liberator  
  171  11:22  Marine x2  
  171  11:23  Marine x3  
  171  11:25  Liberator x2  
  171  11:30  Marine  
  171  11:32  Marine  
  173  11:37  Marine  
  173  11:38  Marine x2  
  183  11:48  Marine  
  183  11:49  Marine x4  
  188  11:57  Supply Depot  
  188  12:00  Marine x2  
  190  12:06  Marine  
  190  12:07  Marine  
  190  12:08  Liberator  
  192  12:09  Marauder  
  194  12:22  Marine  
  195  12:28  Marine  
  195  12:29  Planetary Fortress  
  199  12:34  Refinery  
  199  12:44  Cyclone  
  200  12:47  Liberator  
  200  12:51  Liberator x2  
  174  12:57  Marine  
  161  13:02  Marine  
  148  13:05  Liberator, Marine  
  148  13:06  Marine  
  148  13:08  Marauder x2  
  148  13:11  Marine x3  
  146  13:14  Marine  
  146  13:16  Marine x3  
  146  13:19  Marine  
  144  13:23  Marine  
  144  13:24  Marine  
  141  13:29  Marauder x2, Marine x3  
  147  13:35  Orbital Command  
  147  13:44  Marine  
  147  13:45  Marine x6  
  147  13:47  Marine  
  155  13:50  Marauder  
  155  13:51  Marauder  
Show
View Real Time Build Order
Export as new Build Order

TheZergLord Zerg - Winner!

Build Orders: Hatch First, Muta Ling Bane 

Get SALT Encoding   

  12  0:01  Drone  
  13  0:13  Overlord  
  13  0:21  Drone  
  14  0:32  Drone x2  
  16  0:35  Drone  
  17  0:54  Hatchery  
  17  0:56  Drone  
  17  1:10  Spawning Pool  
  16  1:12  Drone  
  16  1:14  Extractor  
  16  1:17  Drone  
  17  1:21  Drone  
  18  1:29  Drone  
  19  1:40  Overlord  
  19  1:57  Queen  
  19  1:58  Zergling x2  
  22  2:02  Zergling x2  
  22  2:05  Queen  
  22  2:06  Zergling x2  
  26  2:13  Drone  
  27  2:20  Metabolic Boost  
  27  2:31  Drone x3  
  30  2:42  Queen  
  31  2:54  Overlord  
  31  2:55  Hatchery  
  30  3:03  Overlord  
  30  3:04  Drone  
  30  3:05  Drone  
  32  3:09  Drone x2  
  34  3:14  Drone x2  
  36  3:24  Drone x2  
  36  3:25  Drone x3  
  41  3:28  Drone  
  41  3:31  Drone  
  43  3:38  Drone  
  44  3:44  Queen x2  
  48  3:53  Drone x3  
  48  3:54  Overlord  
  51  4:03  Spine Crawler  
  51  4:05  Overlord  
  51  4:06  Drone  
  51  4:07  Drone  
  51  4:08  Queen  
  54  4:15  Zergling x6  
  54  4:16  Zergling x2  
  58  4:20  Drone  
  58  4:21  Drone x3  
  58  4:22  Drone  
  58  4:23  Drone  
  64  4:28  Spore Crawler  
  63  4:31  Drone, Spore Crawler  
  63  4:32  Drone  
  63  4:35  Spore Crawler  
  63  4:48  Drone x2  
  63  4:49  Overlord  
  63  4:50  Overlord  
  65  4:53  Lair  
  65  5:00  Evolution Chamber x2  
  61  5:10  Hatchery  
  61  5:11  Drone  
  61  5:12  Drone x2  
  60  5:22  Drone x2  
  60  5:24  Drone x5  
  60  5:25  Drone x7  
  60  5:28  Zerg Ground Armor Level 1  
  74  5:35  Overlord  
  74  5:37  Overlord  
  74  5:46  Drone x4  
  74  5:47  Drone x2  
  74  5:49  Extractor x2  
  78  5:50  Extractor  
  78  5:54  Drone x3, Extractor  
  77  5:59  Overseer  
  77  6:08  Drone x2  
  77  6:09  Drone x7  
  86  6:13  Extractor  
  85  6:18  Zerg Melee Weapons Level 1  
  85  6:19  Overlord x2  
  85  6:23  Queen  
  85  6:25  Zergling x8  
  89  6:26  Zergling x4, Hatchery  
  92  6:37  Drone x2, Spire  
  93  6:40  Baneling Nest  
  93  6:41  Zergling x8  
  96  6:51  Zergling x4  
  96  6:52  Zergling x14  
  103  6:56  Overseer  
  103  7:09  Overlord  
  103  7:15  Zergling x12  
  106  7:16  Zergling x4  
  106  7:22  Drone x2  
  112  7:25  Zerg Ground Armor Level 2  
  112  7:26  Centrifical Hooks  
  112  7:27  Baneling  
  112  7:28  Baneling x5  
  110  7:49  Queen  
  112  7:53  Drone x14  
  112  7:55  Overlord x3  
  126  8:01  Infestation Pit  
  125  8:11  Pneumatized Carapace  
  124  8:13  Drone x2  
  124  8:14  Mutalisk x2, Extractor x2  
  124  8:15  Mutalisk x6  
  124  8:18  Zergling x6  
  143  8:21  Baneling  
  143  8:22  Baneling x3  
  125  8:45  Zergling x2  
  125  8:46  Zergling x30  
  137  8:52  Zerg Melee Weapons Level 2  
  137  8:54  Hive  
  136  9:10  Zergling x8, Hatchery  
  136  9:11  Zergling x16  
  136  9:23  Baneling x10  
  136  9:24  Baneling x9  
  136  9:29  Mutalisk x4  
  144  9:34  Zergling x12  
  150  9:45  Overlord x3  
  150  9:46  Overlord x2  
  150  10:09  Adrenal Glands, Ultralisk Cavern  
  150  10:10  Zerg Ground Armor Level 3  
  150  10:12  Zergling x10  
  150  10:13  Zergling x20  
  164  10:15  Baneling x3  
  164  10:16  Baneling x12  
  164  10:18  Zergling x12  
  170  10:35  Zergling x2  
  170  10:36  Zergling x28  
  170  10:42  Drone  
  160  10:57  Drone  
  160  10:58  Drone x2  
  157  11:10  Queen  
  155  11:12  Drone x3  
  155  11:14  Drone  
  155  11:15  Queen  
  155  11:16  Queen  
  161  11:23  Chitinous Plating  
  161  11:24  Zerg Melee Weapons Level 3  
  155  11:30  Ultralisk x3  
  168  11:34  Pathogen Glands  
  158  11:48  Drone x3  
  158  11:49  Drone x2  
  158  11:51  Drone x4  
  158  11:52  Drone x6  
  170  12:03  Ultralisk  
  176  12:12  Ultralisk  
  182  12:22  Overlord x5  
  182  12:25  Greater Spire  
  182  12:35  Zergling x2  
  182  12:36  Zergling x8  
  177  12:55  Ultralisk x3  
  177  12:56  Ultralisk  
  165  13:22  Drone x2  
  165  13:24  Drone x2  
  169  13:31  Ultralisk x3  
  169  13:32  Ultralisk x2  
Tags
 
Add a new tag
Caveats
  • Supply blocks, unpowered buildings, or Contaminate may cause inaccurate times.
  • Supply counts are checked every 10 seconds.